 Dungeon Crawl Stone Soup version 0.31-a0-1227-g0136665373 (webtiles) character file.

Game seed: 2626503445440163493

46 horus123 the Magician (level 3, 0/19 HPs)
             Began as a Deep Elf Earth Elementalist on Dec 15, 2023.
             Slain by Sigmund
             ... wielding a +0 scythe
              (11 damage)
             ... on level 2 of the Dungeon.
             The game lasted 00:01:59 (1066 turns).

horus123 the Magician (Deep Elf Earth Elementalist) Turns: 1066, Time: 00:01:59

Health: 0/19       AC:  3    Str:  5    XL:     3   Next: 46%
Magic:  7/11       EV: 12    Int: 21    God:
Gold:   33         SH:  0    Dex: 15    Spells: 6/12 levels left

rFire   . . .        e - +0 short sword
rCold   . . .        (no shield)
rNeg    . . .        a - +0 robe
rPois   .            (no helmet)
rElec   .            (no cloak)
rCorr   .            c - +0 pair of gloves
SInv    .            (no boots)
Will    .....        (no amulet)
Stlth   ++           (no ring)
HPRegen 0.23/turn    (no ring)
MPRegen 0.12/turn

%: no passive effects
@: no status effects
A: no striking features
a: no special abilities


You were on level 2 of the Dungeon.
You visited 1 branch of the dungeon, and saw 2 of its levels.

You collected 33 gold pieces.

Inventory:

Hand Weapons
 e - a +0 short sword (weapon)
Armour
 a - a +0 robe (worn)
 c - a +0 pair of gloves (worn)
 j - an orb of wrath
Scrolls
 d - a scroll of blinking {unknown}
 f - a scroll of teleportation {unknown}
 i - a scroll of immolation {unknown}
Potions
 b - a potion of magic
 g - a potion of heal wounds {unknown}
 h - a potion of invisibility {unknown}
 k - a potion of cancellation {unknown}


   Skills:
 - Level 2.4 Dodging
 - Level 2.4 Stealth
 - Level 5.0 Spellcasting
 - Level 1.1 Transmutations
 + Level 3.7 Earth Magic


You had 6 spell levels left.
You knew the following spells:

 Your Spells              Type           Power      Damage    Failure   Level
a - Sandblast             Erth           42%        2d11      2%          1
b - Passwall              Tmut/Erth      12%        N/A       6%          2
c - Stone Arrow           Conj/Erth      26%        3d8       16%         3

Your spell library contained the following spells:

 Spells                   Type           Power      Damage    Failure   Level
 Petrify                  Tmut/Erth      15%        N/A       36%         4
 Brom's Barrelling Bould  Conj/Erth      13%        2d4       45%         4


Dungeon Overview and Level Annotations

Branches:
Dungeon (2/15)

Altars:

Annotations:
D:2 Sigmund


Message History

Moving in this stuff is going to be slow.
You enter the shallow water.
Moving in this stuff is going to be slow.
You enter the shallow water.
Moving in this stuff is going to be slow.
You see here 7 stones.
There is a stone staircase leading down here.
You climb downwards.
Found 16 gold pieces and a viscous yellow potion.
Found a stone staircase leading down.
There is a stone staircase leading up here.
A rat is nearby!
The blast of sand hits the rat.
You kill the rat!
You can't see any susceptible monsters within range! (Use Z to cast anyway.) Magic restored.
k - a viscous yellow potion You now have 33 gold pieces (gained 16).
A rat comes into view.
Sigmund and a rat come into view.
Found a short sword.
You can't see any susceptible monsters within range! (Use Z to cast anyway.)
The rat squeaks loudly. x2; You hear a bark! x2
Sigmund shouts!
Sigmund gestures at you while chanting. The puff of flame hits you!
Ouch! That really hurt!
The blast of sand hits the rat!
You kill the rat!
The blast of sand hits the rat!
You kill the rat!
The blast of sand hits Sigmund!
Sigmund is heavily wounded.
Sigmund misses you.
The blast of sand hits Sigmund!
Sigmund is almost dead.
Sigmund hits you from afar with a +0 scythe!
Ouch! That really hurt!
You die...
Sigmund begins carving another notch in his scythe.

#........†# .
#.........# .....
#####.........###..##.
#.....#..#....<.......
#.................###.
#######.#...###.###
#.....####..#
#........#.##
#....###.#@# #....#
#.#.# #....# #.#@#
#....# #.#.#
########...#
#........#
#.@...........#
.............###
##...........#


You could see Sigmund.

Vanquished Creatures
  A gnoll (D:1)
  2 dart slugs (D:1)
  2 ball pythons (D:1)
  2 endoplasms (D:1)
  4 goblins (D:1)
  A hobgoblin (D:1)
  8 jackals (D:1)
  A kobold (D:1)
  A quokka (D:1)
  A frilled lizard (D:1)
  6 rats
29 creatures vanquished.

Notes
Turn   | Place    | Note
-------+----------+-------------------------------------------
     0 | D:1      | horus123 the Deep Elf Earth Elementalist began the quest
                  | for the Orb.
     0 | D:1      | Reached XP level 1. HP: 10/10 MP: 6/6
   140 | D:1      | Reached skill level 4 in Spellcasting
   140 | D:1      | Reached XP level 2. HP: 15/15 MP: 0/9
   417 | D:1      | Reached XP level 3. HP: 19/19 MP: 8/11
   447 | D:1      | Reached skill level 5 in Spellcasting
   507 | D:1      | Learned a level 2 spell: Passwall
   511 | D:1      | Learned a level 3 spell: Stone Arrow
   872 | D:1      | Found a faded altar of an unknown god.
  1046 | D:2      | Noticed Sigmund
  1066 | D:2      | Slain by Sigmund

Illustrated notes

Levels and vault maps discovered:
D:1:      dpeg_arrival_arbitrary_a, layout_loops_ring,
          shapermc_ecumenical_altar_venn, chequers_serial_rivers_large_a
D:2:      layout_rooms, uniq_sigmund

Skill      XL: |  1  2  3 |
---------------+----------+-----
Spellcasting   | 4 5 |  5.0
Dodging        | |  2.4
Stealth        | |  2.4
Transmutations | |  1.1
Earth Magic    | |  3.7

Action                     || total
---------------------------++-------
  Melee: Unarmed           ||     7
   Cast: Sandblast         ||    42
 Armour: Robe              ||    16
  Dodge: Dodged            ||    24

Table legend: (Time is in decaauts)
 A = Elapsed time spent in this place.
 B = Non-inter-level travel time spent in this place.
 C = Inter-level travel time spent in this place.
 D = Time resting spent in this place.
 E = Time spent auto-exploring this place.
 F = Levels seen in this place.
 G = Mean time per level.
                   A        B        C        D        E       F      G
               +--------+--------+--------+--------+--------+-----+--------+
         Total |   1104 |   1078 |     26 |      0 |    904 |   2 |  552.0 |
       Dungeon |   1104 |   1078 |     26 |      0 |    904 |   2 |  552.0 |
               +--------+--------+--------+--------+--------+-----+--------+

Top non-repeatable levels by time:
     D:1: 1046 daAuts
     D:2: 57 daAuts
